General information
- name: BNet
- type: Ladder team game (AT/RT)
- host: Battle.net
- saver: Funny
map: TwilightRuins
- players: 8
- length: 08:37
- speed: Fast
- version: 1.27 W3XP
- replay type: Public
» download(62 KB)
Players
team 1 (loser)
kbilly (
purple | 34 APM | 285 actions | 08:22)
2 Blademaster
1 Wind Walk
1 Critical Strike
» actions
| Assign group hotkey | 6 | |
| Basic commands | 9 | |
| Build / train | 16 | |
| Enter build submenu | 7 | |
| Enter hero's abilities submenu | 2 | |
| Right click | 114 | |
| Select / deselect | 50 | |
| Select group hotkey | 60 | |
| Use ability | 21 | |
285 total
» units
» buildings
| Altar of Storms | 2 | |
| Orc Burrow | 2 | |
| Barracks | 1 | |
| Stronghold | 1 | |
| Voodoo Lounge | 1 | |
7 total
» build order
00:08 Altar of Storms
00:14 Altar of Storms
00:23 Orc Burrow
00:38 Barracks
02:33 Stronghold
02:47 Orc Burrow
02:57 Voodoo Lounge
» items
| Circlet of Nobility | 1 | |
| Healing Salve | 1 | |
| Boots of Speed | 1 | |
3 total
Funny (
blue | 79 APM | 681 actions | 08:37)
3 Archmage
2 Summon Water Elemental
1 Brilliance Aura
» actions
| Assign group hotkey | 84 | |
| Basic commands | 5 | |
| Build / train | 51 | |
| Enter build submenu | 14 | |
| Enter hero's abilities submenu | 3 | |
| Give item / drop item | 1 | |
| Right click | 174 | |
| Select / deselect | 85 | |
| Select group hotkey | 234 | |
| Use ability | 30 | |
681 total
» units
» upgrades
» buildings
| Barracks | 1 | |
| Altar of Kings | 1 | |
| Farm | 4 | |
| Arcane Vault | 1 | |
| Lumber Mill | 1 | |
| Town Hall | 1 | |
| Scout Tower | 4 | |
| Keep | 3 | |
| Arcane Tower | 1 | |
| Guard Tower | 7 | |
| Blacksmith | 1 | |
| Castle | 3 | |
28 total
» build order
01:05 Barracks
01:09 Altar of Kings
01:11 Farm
01:13 Farm
01:17 Farm
02:16 Arcane Vault
02:36 Lumber Mill
03:30 Farm
04:27 Town Hall
04:31 Scout Tower
05:00 Keep
05:01 Keep
05:07 Arcane Tower
05:43 Scout Tower
05:45 Scout Tower
05:47 Scout Tower
06:15 Guard Tower
06:15 Guard Tower
06:18 Guard Tower
06:19 Guard Tower
06:19 Guard Tower
07:10 Blacksmith
08:00 Castle
08:00 Castle
» items
| Scroll of Regeneration | 2 | |
| Mechanical Critter | 3 | |
| Periapt of Vitality | 1 | |
| Staff of Teleportation | 1 | |
7 total
aifng (
teal | 71 APM | 576 actions | 08:06)
2 Demon Hunter
1 Immolation
1 Evasion
1 Keeper of the Grove
1 Entangling Roots
» actions
| Build / train | 35 | |
| Enter build submenu | 10 | |
| Enter hero's abilities submenu | 3 | |
| Remove unit from queue | 4 | |
| Right click | 376 | |
| Select / deselect | 119 | |
| Use ability | 29 | |
576 total
» units
» upgrades
| Strength of the Moon | 2 | |
| Sentinel | 1 | |
| Improved Bows | 1 | |
4 total
» buildings
| Moon Well | 3 | |
| Altar of Elders | 1 | |
| Ancient of War | 2 | |
| Hunter's Hall | 1 | |
| Tree of Ages | 2 | |
| Ancient Protector | 1 | |
| Ancient of Wind | 2 | |
12 total
» build order
00:23 Moon Well
00:49 Altar of Elders
01:13 Ancient of War
01:17 Moon Well
02:26 Hunter's Hall
03:07 Moon Well
03:36 Ancient of War
04:03 Tree of Ages
04:04 Tree of Ages
04:59 Ancient Protector
07:02 Ancient of Wind
07:05 Ancient of Wind

»
Raging.Nerd (
orange | 82 APM | 707 actions | 08:37)
1 Archmage
1 Summon Water Elemental
» actions
| Assign group hotkey | 33 | |
| Basic commands | 60 | |
| Build / train | 23 | |
| Enter build submenu | 11 | |
| Enter hero's abilities submenu | 1 | |
| Right click | 332 | |
| Select / deselect | 131 | |
| Select group hotkey | 96 | |
| Use ability | 20 | |
707 total
» units
» buildings
| Altar of Kings | 1 | |
| Farm | 3 | |
| Barracks | 1 | |
| Scout Tower | 1 | |
| Arcane Tower | 1 | |
| Arcane Vault | 1 | |
| Town Hall | 1 | |
9 total
» build order
00:06 Altar of Kings
00:19 Farm
00:21 Barracks
00:55 Farm
01:37 Scout Tower
02:02 Farm
02:06 Arcane Tower
03:39 Arcane Vault
06:08 Town Hall
team 2 (winner)

»
katepsgotboobs (
yellow | 45 APM | 386 actions | 08:37)
1 Warden
1 Fan of Knives
3 Demon Hunter
2 Mana Burn
1 Evasion
» actions
| Basic commands | 1 | |
| Build / train | 33 | |
| Enter build submenu | 13 | |
| Enter hero's abilities submenu | 4 | |
| Give item / drop item | 1 | |
| Remove unit from queue | 2 | |
| Right click | 172 | |
| Select / deselect | 132 | |
| Use ability | 28 | |
386 total
» units
| Wisp | 8 | |
| Archer | 11 | |
| Goblin Shredder | 1 | |
20 total
» buildings
| Moon Well | 8 | |
| Ancient of War | 1 | |
| Altar of Elders | 1 | |
| Tree of Life | 1 | |
| Tree of Ages | 2 | |
| Tree of Eternity | 1 | |
14 total
» build order
00:29 Moon Well
00:48 Ancient of War
00:54 Altar of Elders
01:18 Moon Well
02:23 Moon Well
02:33 Moon Well
03:29 Moon Well
03:33 Tree of Life
04:34 Tree of Ages
04:35 Tree of Ages
05:21 Moon Well
06:40 Moon Well
07:10 Tree of Eternity
07:38 Moon Well
» items
WNxPook (
pink | 36 APM | 312 actions | 08:37)
3 Priestess of the Moon
1 Searing Arrows
2 Trueshot Aura
1 Keeper of the Grove
1 Entangling Roots
» actions
| Assign group hotkey | 10 | |
| Basic commands | 1 | |
| Build / train | 32 | |
| Enter build submenu | 13 | |
| Enter hero's abilities submenu | 4 | |
| Give item / drop item | 2 | |
| Right click | 116 | |
| Select / deselect | 100 | |
| Select group hotkey | 11 | |
| Use ability | 23 | |
312 total
» units
| Wisp | 10 | |
| Archer | 8 | |
| Druid of the Talon | 1 | |
19 total
» upgrades
» buildings
| Altar of Elders | 1 | |
| Moon Well | 4 | |
| Tree of Ages | 1 | |
| Ancient of War | 1 | |
| Ancient of Wonders | 1 | |
| Tree of Eternity | 1 | |
| Ancient of Wind | 1 | |
| Chimaera Roost | 3 | |
13 total
» build order
00:09 Altar of Elders
00:24 Moon Well
01:33 Moon Well
02:30 Tree of Ages
02:33 Ancient of War
03:02 Ancient of Wonders
03:47 Moon Well
04:52 Tree of Eternity
05:18 Ancient of Wind
05:59 Moon Well
08:15 Chimaera Roost
08:20 Chimaera Roost
08:22 Chimaera Roost
» items
| Ring of Protection +2 | 1 | |
| Circlet of Nobility | 1 | |
2 total

»
Guana (
red | 73 APM | 628 actions | 08:37)
2 Blademaster
1 Wind Walk
1 Critical Strike
» actions
| Assign group hotkey | 4 | |
| Build / train | 15 | |
| ESC pressed | 3 | |
| Enter build submenu | 13 | |
| Enter hero's abilities submenu | 2 | |
| Right click | 192 | |
| Select / deselect | 153 | |
| Select group hotkey | 213 | |
| Use ability | 33 | |
628 total
» units
» buildings
| Altar of Storms | 1 | |
| Orc Burrow | 2 | |
| Voodoo Lounge | 1 | |
| Barracks | 1 | |
| War Mill | 1 | |
| Watch Tower | 6 | |
| Stronghold | 1 | |
13 total
» build order
00:06 Altar of Storms
00:09 Orc Burrow
01:03 Voodoo Lounge
01:08 Orc Burrow
01:48 Barracks
02:41 War Mill
04:07 Watch Tower
04:08 Watch Tower
04:31 Watch Tower
05:02 Watch Tower
05:03 Watch Tower
06:34 Watch Tower
07:07 Stronghold
» items
| Healing Salve | 1 | |
| Lesser Clarity Potion | 1 | |
2 total

»
Morgoth[Qc] (
green | 40 APM | 343 actions | 08:37)
3 Tauren Chieftain
2 Endurance Aura
1 War Stomp
» actions
| Build / train | 24 | |
| Enter build submenu | 11 | |
| Enter hero's abilities submenu | 3 | |
| Give item / drop item | 2 | |
| Remove unit from queue | 1 | |
| Right click | 129 | |
| Select / deselect | 146 | |
| Use ability | 27 | |
343 total
» units
» upgrades
» buildings
| Orc Burrow | 6 | |
| Barracks | 1 | |
| Altar of Storms | 1 | |
| Voodoo Lounge | 1 | |
| War Mill | 1 | |
| Stronghold | 1 | |
| Great Hall | 1 | |
12 total
» build order
00:24 Orc Burrow
00:54 Barracks
01:08 Altar of Storms
01:12 Orc Burrow
02:28 Orc Burrow
03:32 Voodoo Lounge
03:43 Orc Burrow
04:16 War Mill
05:39 Stronghold
06:04 Great Hall
06:46 Orc Burrow
07:56 Orc Burrow
» items
| Healing Salve | 2 | |
| Gloves of Haste | 1 | |
| Lesser Clarity Potion | 1 | |
4 total
Chat log
(00:31 / All) kbilly: glhf
(00:41 / Allies) Raging.Nerd: lets harass
(00:42 / Allies) Raging.Nerd: Purple
(00:49 / Allies) kbilly: no thanks.
(00:56 / Allies) Raging.Nerd: why not
(01:01 / Allies) Raging.Nerd: 3 foots am BM
(01:03 / Allies) Raging.Nerd: finish it on harasws
(01:14 / Allies) Raging.Nerd: ok
(01:19 / Allies) Raging.Nerd: wanna argue with a raging nerd?
(01:25 / Allies) Funny: what you cunts arguing about play the game
(01:29 / Allies) Funny: I had some bitch last game on my team too
(01:35 / Allies) Funny: did you fuckers have your breakfast yet
(01:37 / Allies) Funny: why are you so cranky
(01:42 / Allies) Funny: calm the fuck down bitch
(01:47 / Allies) Raging.Nerd: harass
(01:48 / Allies) Raging.Nerd: with me
(01:50 / Allies) Raging.Nerd: or ur done
(01:56 / Allies) Funny: you're harassing me in chat
(02:20 / Allies) Raging.Nerd: so u aint coming purp
(02:26 / Allies) Funny: little bitch
(02:28 / Allies) kbilly: please re-read my answer.
(02:41 / Allies) Raging.Nerd: wuda been game.
(02:43 / Allies) aifng: nice
(02:53 / Allies) Funny: it's better to cc than level 1 harass almost all the time
(03:01 / Allies) aifng: he did good
(03:09 / Allies) Funny: LOL he went tc
(03:30 / Allies) Raging.Nerd: u guys
(03:33 / Allies) Raging.Nerd: pissing me off
(03:34 / Allies) Raging.Nerd: seriously
(03:39 / Allies) Funny: yeh we can tell
(03:42 / Allies) kbilly: because I said "no thank you?"
(03:58 / Allies) Funny: orange is on his period
(04:11 / All) kbilly: Orange TK
(04:15 / All) Funny: he's a baby
(04:19 / All) kbilly: because he asked me to harass and I said "no thank you.
(04:42 / Allies) Funny: why didn't you repair noob
(04:49 / Allies) Funny: beat by a lady on her period
(04:49 / Allies) kbilly: excuse you?
(04:56 / Allies) Funny: you could've repaired your hall
(05:18 / All) kbilly: nice red
(05:31 / All) Funny: orange bleeding from his pussy and purp can't repair his hall
(05:33 / All) Funny: classic 4v4
(05:43 / All) kbilly: repairing my hall does nothing.
(05:49 / All) Funny: it defends the tk
(05:55 / All) Funny: I guess a player on your level doesn't know this
(05:58 / All) Funny: you can survive a militia tp
(06:12 / All) kbilly: no
(06:15 / All) Funny: yeah
(06:16 / All) kbilly: if you get a tk, you lose.
(06:22 / All) Funny: do you have experience in the matter
(06:28 / All) kbilly: yes I do.
(06:31 / All) kbilly: tk makes you lose.
(06:37 / All) Funny: I think you can survive it and win
(06:38 / All) Funny: I have
(06:43 / All) Funny: maybe you are just a newb
(06:46 / All) kbilly: be my guest.
(06:49 / All) kbilly: win for us
(06:50 / All) Funny: and 1427-1455 for a reason
(07:01 / Allies) Raging.Nerd: fuck this noob
(07:04 / All) Funny: I'm not playing for wins but you are
(07:34 / All) Raging.Nerd: Red ur so gay
(07:35 / All) Raging.Nerd: im tking
(07:37 / All) Raging.Nerd: and ur killing me
(07:39 / All) Raging.Nerd: fucking idiot
(07:40 / Allies) Funny: my am got stuck at the start and couldn't move past these farms
(07:44 / Allies) Funny: the pathfinding sucks so bad
(07:50 / Allies) Funny: had to manually circle it around, never seen it do that before
(08:21 / Allies) Funny: kbilly what have your games being tkd been like?
(08:36 / Allies) Funny: aight then